 Dungeon Crawl Stone Soup version 0.27-a0-773-gaaee5cf45b (webtiles) character file.

Game seed: 15558229408533585945

2039 rjrrt the Basher (level 9, -20/102 (132) HPs)
             Began as a Troll Berserker on Mar 25, 2021.
             Was a Priest of Trog.
             Demolished by Harold
             ... wielding a +3 dire flail of draining
              (29 damage)
             ... on level 7 of the Dungeon.
             The game lasted 00:08:51 (5855 turns).

rjrrt the Basher (Troll Berserker)                  Turns: 5855, Time: 00:08:52

HP:   -20/102 (132) AC:  4    Str: 30    XL:     9   Next: 4%
MP:   8/8           EV: 10    Int:  3    God:    Trog [***...]
Gold: 229           SH:  0    Dex:  9    Spells: 8/8 levels left

rFire    . . .     SeeInvis .   a - +0 flail
rCold    . . .     Faith    .   (no shield)
rNeg     . . .     Spirit   .   b - +0 animal skin
rPois    .         Reflect  .   (helmet restricted)
rElec    .         Harm     .   (no cloak)
rCorr    .         Rampage  .   (gloves unavailable)
Will     .....                  (boots unavailable)
Stlth    ..........             (no amulet)
HPRegen  1.27/turn              (no ring)
MPRegen  0.11/turn              (no ring)

@: berserking (expiring), marked, heavily drained, very quick
A: large, unfitting armour, claws 3, regeneration 1, shaggy fur 1, tough skin 1
a: Renounce Religion, Berserk, Trog's Hand


You were on level 7 of the Dungeon.
You worshipped Trog.
Trog was most pleased with you.
You visited 1 branch of the dungeon, and saw 7 of its levels.

You collected 229 gold pieces.

Inventory:

Hand Weapons
 a - a +0 flail (weapon)
 p - a +0 giant club
 w - a +0 war axe
Missiles
 j - 10 javelins (quivered)
 o - 54 poisoned darts
 s - 4 atropa-tipped darts
Armour
 b - a +0 animal skin (worn)
Jewellery
 f - an amulet of regeneration
 y - a ring of ice
Wands
 u - a wand of paralysis (9)
Scrolls
 c - 2 scrolls of fear {unknown}
 d - a scroll of magic mapping {unknown}
 e - 5 scrolls of identify {unknown}
 k - 2 scrolls of enchant armour {unknown}
 l - 2 scrolls of noise {unknown}
 n - a scroll of amnesia {unknown}
 q - 4 scrolls of teleportation {unknown}
 r - a scroll of blinking {unknown}
 x - a scroll of enchant weapon {unknown}
Potions
 g - 2 potions of cancellation {unknown}
 h - 4 potions of haste {unknown}
 i - a potion of mutation {unknown}
 m - 2 potions of curing {unknown}
 t - a potion of ambrosia {unknown}
 v - 2 potions of heal wounds {unknown}
 z - a potion of flight {unknown}


   Skills:
 + Level 5.5 Fighting
 * Level 8.3 Maces & Flails
 + Level 5.0 Throwing
 - Level 2.4 Dodging


You had 8 spell levels left.
You didn't know any spells.
Your spell library was empty.

Dungeon Overview and Level Annotations

Branches:
Dungeon (7/15)
 Temple: D:4-7

Altars:
Okawaru

Annotations:
D:7 Harold


Innate Abilities, Weirdness & Mutations

You are too large for most types of armour.
You have claws for hands.
Your natural rate of healing is unusually fast.
You are covered in fur. (AC +1)
You have tough skin. (AC +1)


Message History

You sock Harold!
Harold is lightly wounded.
Harold gestures at you while chanting. A sentinel's mark forms upon you.
You hit Harold.
Harold is lightly wounded.
Harold hits you with a +3 dire flail of draining!
You feel drained.
You thump Harold!
Harold is moderately wounded.
You hit Harold.
Harold is moderately wounded.
Harold grumbles, "Just give up already, I want to go home!"
Harold closely misses you.
You barely miss Harold.
Harold is moderately wounded.
Harold barely misses you.
You hit Harold.
Harold is moderately wounded.
You hit Harold.
Harold is heavily wounded.
Harold hits you with a +3 dire flail of draining!!
You feel drained.
You sock Harold!
Harold is heavily wounded.
Harold hits you with a +3 dire flail of draining!!
* * * LOW HITPOINT WARNING * * *
You feel drained.
You hit Harold.
Harold is heavily wounded.
You barely miss Harold.
Harold is heavily wounded.
Harold hits you with a +3 dire flail of draining!!
* * * LOW HITPOINT WARNING * * *
You feel drained.
* * * LOW HITPOINT WARNING * * *
You hit Harold but do no damage.
Harold is heavily wounded.
Harold hits you with a +3 dire flail of draining!!
You die...

.# ... .... .....
...(..#######.#
......@@>.....#
##########.######
#...............#
###.#####....######
#<.......)......#
#.....###....##.#
#.............. ..
#.....######.##. #.
#....... #.# #


You could see Harold.

Vanquished Creatures
  A steam dragon (D:3)
  2 water moccasins
  2 ice beasts (D:5)
  An orc warrior (D:6)
  2 black bears
  A hornet zombie (D:6)
  3 ogres
  A centaur (D:5)
  2 kobold brigands
  A wyvern skeleton (D:5)
  2 scorpions (D:4)
  A howler monkey (D:4)
  A bullfrog zombie (D:6)
  A bullfrog skeleton (D:6)
  2 orc priests
  A hound (D:4)
  2 iguanas
  4 orc wizards
  A hound zombie (D:5)
  A howler monkey zombie (D:5)
  4 adders
  A white imp (D:5)
  An ufetubus (D:6)
  An adder skeleton (D:4)
  2 worms
  2 dart slugs
  14 orcs
  5 bats
  9 endoplasms
  2 giant cockroaches
  8 goblins
  6 hobgoblins
  2 jackals (D:4)
  7 kobolds
  3 quokkas
  6 ball pythons
  2 frilled lizards (D:1)
  3 rats
110 creatures vanquished.

Notes
Turn   | Place    | Note
-------+----------+-------------------------------------------
     0 | D:1      | rjrrt the Troll Berserker began the quest for the Orb.
     0 | D:1      | Reached XP level 1. HP: 22/22 MP: 0/0
    77 | D:1      | Reached skill level 3 in Maces & Flails
   130 | D:1      | Reached XP level 2. HP: 29/29 MP: 1/1
   613 | D:1      | Reached XP level 3. HP: 36/36 MP: 2/2
  1006 | D:2      | Reached ** piety under Trog
  1749 | D:3      | Reached skill level 4 in Maces & Flails
  1749 | D:3      | Reached XP level 4. HP: 45/45 MP: 3/3
  1990 | D:3      | Reached skill level 1 in Throwing
  2281 | D:3      | Noticed a steam dragon
  2293 | D:3      | Killed a steam dragon
  2294 | D:3      | Reached XP level 5. HP: 14/53 MP: 4/4
  2765 | D:4      | Noticed an ogre
  2771 | D:4      | Killed an ogre
  2772 | D:4      | Reached skill level 5 in Maces & Flails
  2772 | D:4      | Reached XP level 6. HP: 62/62 MP: 5/5
  3044 | D:4      | You fall into a shaft and drop 2 floors!
  3187 | D:6      | Reached XP level 7. HP: 28/70 MP: 6/6
  3501 | D:5      | Entered Level 5 of the Dungeon
  3566 | D:5      | Reached skill level 6 in Maces & Flails
  4295 | D:4      | Reached XP level 8. HP: 79/79 MP: 7/7
  4431 | D:4      | Found an iron altar of Okawaru.
  4565 | D:4      | Reached *** piety under Trog
  4566 | D:4      | Reached skill level 7 in Maces & Flails
  5038 | D:5      | Reached skill level 5 in Fighting
  5495 | D:6      | Reached skill level 8 in Maces & Flails
  5604 | D:6      | Reached XP level 9. HP: 76/88 MP: 8/8
  5725 | D:6      | Reached skill level 5 in Throwing
  5834 | D:7      | Noticed Harold
  5855 | D:7      | Demolished by Harold

Illustrated notes

Levels and vault maps discovered:
D:1:      dpeg_arrival_boxes_within_box, layout_loops_ring
D:2:      minmay_spotlight, layout_basic
D:3:      minmay_evil_eye, layout_basic
D:4:      layout_basic, okawaru_trees_2
D:5:      layout_basic
D:6:      lemuel_upstairs_altar, layout_cave_pods
D:7:      nzn_winding_woodlands_three_and_one
          [nzn_winding_woodlands_5x15_sidewinder,
          nzn_winding_woodlands_5x15_eye,
          nzn_winding_woodlands_5x15_pathside_ponds,
          nzn_winding_woodlands_center_pierced_h], layout_basic,
          temple_doors_cd, grunt_qazlal_clouds, uniq_harold, uniq_pikel,
          uniq_crazy_yiuf_cottage

Skill      XL: |  1  2  3  4  5  6  7  8  9 |
---------------+----------------------------+-----
Maces & Flails | 3 4 5 6 8 |  8.3
Fighting       | 3 4 5 |  5.5
Throwing       | 1 2 3 4 5 |  5.0
Dodging        | |  2.4

Action                   |  1- 3 |  4- 6 |  7- 9 || total
-------------------------+-------+-------+-------++-------
Melee: Mace              |   113 |     5 |       ||   118
       Flail             |       |    86 |   207 ||   293
Throw: Javelin           |       |       |     6 ||     6
Invok: Berserk           |     1 |     3 |    11 ||    15
 Stab: Sleeping          |     1 |       |     1 ||     2
Armor: Animal skin       |    44 |    17 |    48 ||   109
Dodge: Dodged            |    65 |    41 |    91 ||   197

Table legend: (Time is in decaauts)
 A = Elapsed time spent in this place.
 B = Non-inter-level travel time spent in this place.
 C = Inter-level travel time spent in this place.
 D = Time resting spent in this place.
 E = Time spent auto-exploring this place.
 F = Levels seen in this place.
 G = Mean time per level.
                   A        B        C        D        E       F      G
               +--------+--------+--------+--------+--------+-----+--------+
         Total |   6026 |   5685 |    341 |    431 |   4084 |   7 |  860.9 |
       Dungeon |   6026 |   5685 |    341 |    431 |   4084 |   7 |  860.9 |
               +--------+--------+--------+--------+--------+-----+--------+

Top non-repeatable levels by time:
     D:3: 1170 daAuts
     D:4: 1110 daAuts
     D:5: 1043 daAuts
     D:6: 1024 daAuts
     D:1: 847 daAuts
     D:2: 795 daAuts
     D:7: 34 daAuts
